 Dungeon Crawl Stone Soup version 0.29.1-2-gbd0b4ee654 (webtiles) character file.

Game seed: 2366128340482337720

2534 LustLizard the Ruffian (level 9, 0/87 (88) HPs)
             Began as a Troll Monk on Nov 9, 2022.
             Was an Elder of Okawaru.
             Slain by a wight
             ... wielding a +2 halberd
              (2 damage)
             ... on level 7 of the Dungeon.
             The game lasted 00:10:37 (5186 turns).

LustLizard the Ruffian (Troll Monk)                 Turns: 5186, Time: 00:10:37

HP:   0/87 (88)     AC: 10    Str: 21    XL:     9   Next: 30%
MP:   7/8           EV: 11    Int: 10    God:    Okawaru [****..]
Gold: 285           SH:  0    Dex: 12    Spells: 5/8 levels left

rFire   . . .      SeeInvis .     - Unarmed
rCold   . . .      Faith    .   (no shield)
rNeg    . . .      Spirit   .   w - +0 steam dragon scales
rPois   +          Reflect  .   (helmet restricted)
rElec   .          Harm     .   i - +2 cloak
rCorr   .          Rampage  .   (gloves unavailable)
Will    .....                   (boots unavailable)
Stlth   ++........              (no amulet)
HPRegen 1.04/turn               k - ring of wizardry
MPRegen 0.11/turn               u - ring of poison resistance

@: lightly drained
A: large, unfitting armour, claws 3, regeneration 1, shaggy fur 1, tough skin 1
a: Renounce Religion, Heroism, Finesse


You were on level 7 of the Dungeon.
You worshipped Okawaru.
Okawaru was greatly pleased with you.
You visited 2 branches of the dungeon, and saw 8 of its levels.

You collected 357 gold pieces.
You spent 72 gold pieces at shops.

Inventory:

Missiles
 j - 30 stones (quivered)
 s - a throwing net
 y - 4 atropa-tipped darts
Armour
 a - a +0 robe
 i - a +2 cloak (worn)
 w - +0 steam dragon scales (worn)
Jewellery
 h - a ring of positive energy
 k - a ring of wizardry (left claw)
 u - a ring of poison resistance (right claw)
Wands
 n - a wand of iceblast (12)
Scrolls
 c - 4 scrolls of identify
 e - 4 scrolls of teleportation {unknown}
 f - a scroll of enchant weapon {unknown}
 g - 2 scrolls of blinking {unknown}
 l - 4 scrolls of noise {unknown}
 m - 3 scrolls of fear
 o - a scroll of amnesia {unknown}
 q - a scroll of torment {unknown}
 r - a scroll of magic mapping {unknown}
 v - a scroll of enchant armour {unknown}
 x - a scroll of immolation {unknown}
 C - 2 scrolls of silence {unknown}
Potions
 b - a potion of ambrosia
 d - a potion of curing
 p - 2 potions of haste
 t - 3 potions of brilliance
 z - a potion of attraction {unknown}
 A - a potion of degeneration {unknown}
 B - a potion of cancellation {unknown}
 D - a potion of magic {unknown}


   Skills:
 + Level 5.0 Fighting
 - Level 3.1 Throwing
 + Level 4.9 Dodging
 - Level 1.0 Stealth
 * Level 7.9 Unarmed Combat
 - Level 2.4 Conjurations
 - Level 2.1 Air Magic
 - Level 2.4 Poison Magic


You had 5 spell levels left.
You knew the following spells:

 Your Spells              Type           Power      Damage    Failure   Level
a - Mephitic Cloud        Conj/Pois/Air  4%         N/A       17%         3

Your spell library contained the following spells:

 Spells                   Type           Power      Damage    Failure   Level
 Magic Dart               Conj           16%        1d3       6%          1
 Ozocubu's Armour         Ice            0%         N/A       41%         3
 Anguish                  Hex/Necr       0%         N/A       80%         4
 Metabolic Englaciation   Hex/Ice        0%         N/A       98%         5
 Enfeeble                 Hex            0%         N/A       100%        7
 Call Imp                 Summ           Unusable   N/A       N/A         2
 Simulacrum               Ice/Necr       Unusable   N/A       N/A         6

Dungeon Overview and Level Annotations

Branches:
Dungeon (7/15)             Temple (1/1) D:4

Altars:
Fedhas
Hepliaklqana
Kikubaaqudgha
Makhleb
Okawaru
Ru
Trog
Uskayaw
Xom
The Shining One

Shops:
D:4 ?   D:5 *   D:7 :


Innate Abilities, Weirdness & Mutations

You are too large for most types of armour.
You have claws for hands.
Your natural rate of healing is unusually fast.
You are covered in fur. (AC +1)
You have tough skin. (AC +1)


Message History

You claw Maggie!
Maggie is severely wounded.
The wight misses you.
The wight hits you with a +5 long sword.
You feel drained. Maggie hits you with a +0 glaive!
* * * LOW HITPOINT WARNING * * *
You closely miss Maggie.
Maggie is severely wounded.
You scratch Maggie. You claw Maggie, but do no damage.
Maggie is almost dead.
The wight barely misses you. The wight closely misses you.
Maggie barely misses you.
You mangle Maggie!!
You kill Maggie!
Okawaru is honoured by your kill. The wight closely misses you.
The wight hits you with a +0 falchion!
* * * LOW HITPOINT WARNING * * *
The wight hits you from afar with a +2 halberd.
* * * LOW HITPOINT WARNING * * *
You feel drained.
A wight comes into view.
It is wielding a +1 scimitar of freezing.
Your life force feels restored.
You mangle the wight!!
You destroy the wight!
Okawaru accepts your kill. The wight misses you. The wight closely misses you.
You scratch the wight but do no damage. You mangle the wight!!
You destroy the wight!
Okawaru accepts your kill. The wight hits you but does no damage.
Your base Fighting skill increases to level 5!
The wight hits you with a +2 halberd!
* * * LOW HITPOINT WARNING * * *
You barely miss the wight.
You feel like a meek peon again. The wight hits you with a +2 halberd.
* * * LOW HITPOINT WARNING * * *
You feel drained.
You die...

# # ...... # #.. ..... # #..#
#...# # ###..####...## #
#............# ##
#.........z..# .#
#........z...# .+
#.......)@)..# .#
#.......)....# ##
#######.################
#####..####.####...##......##
.........#....#...<.........#
.........#....'.............#
.....>...#....#.............#
.........#....#....##......##
.........#######...##......##


You could see 2 wights.

Vanquished Creatures
  Maggie (D:7)
  Sigmund (D:5)
  A steam dragon (D:5)
  Edmund (D:5)
  Duvessa (D:4)
  A sky beast (D:7)
  2 ogres
  2 black bears (D:6)
  A phantom (D:5)
  3 bullfrogs (D:6)
  A necrophage (D:4)
  5 wights
  Dowan (D:4)
  5 hounds
  An orc priest (D:7)
  Crazy Yiuf (D:2)
  A gnoll bouda (D:7)
  Natasha (thrice) (D:4)
  4 orc wizards
  An iguana (D:6)
  2 adders
  11 gnolls
  A shadow imp (D:6)
  A white imp (D:5)
  2 worms
  14 orcs
  7 ball pythons
  4 bats
  A bat zombie (D:5)
  5 endoplasms
  4 giant cockroaches
  8 hobgoblins
  2 jackals (D:1)
  6 quokkas
  2 frilled lizards
  10 goblins
  7 kobolds
  4 rats
  2 rat zombies (D:5)
130 creatures vanquished.

Notes
Turn   | Place    | Note
-------+----------+-------------------------------------------
     0 | D:1      | LustLizard the Troll Monk began the quest for the Orb.
     0 | D:1      | Reached XP level 1. HP: 22/22 MP: 0/0
   103 | D:1      | You fall into a shaft and drop 1 floor!
   357 | D:1      | Reached XP level 2. HP: 28/28 MP: 1/1
   640 | D:1      | Reached XP level 3. HP: 36/36 MP: 2/2
  1268 | D:2      | Reached skill level 4 in Unarmed Combat
  1492 | D:2      | Found a runed translucent door.
  1493 | D:2      | Noticed Crazy Yiuf
  1634 | D:2      | Killed Crazy Yiuf
  1635 | D:2      | Reached XP level 4. HP: 27/45 MP: 3/3
  2023 | D:3      | Found a hazy altar of Hepliaklqana.
  2200 | D:3      | Learned a level 3 spell: Mephitic Cloud
  2217 | D:3      | Identified the +1 ring mail "Quullay" {rElec Int+5 Dex-4}
  2305 | D:4      | Reached XP level 5. HP: 47/53 MP: 4/4
  2348 | D:4      | Noticed an ogre
  2405 | D:4      | Found a staircase to the Ecumenical Temple.
  2416 | D:4      | Found Manuryed's Magic Scroll Shoppe.
  2421 | Temple   | Entered the Ecumenical Temple
  2462 | Temple   | Became a worshipper of Warmaster Okawaru
  2462 | Temple   | Reached * piety under Okawaru
  2462 | Temple   | Reached ** piety under Okawaru
  2510 | D:4      | Bought a scroll of identify for 24 gold pieces
  2510 | D:4      | Bought a scroll of fear for 48 gold pieces
  2531 | D:4      | Noticed Duvessa
  2550 | D:4      | Noticed Natasha
  2558 | D:4      | Killed Natasha
  2721 | D:4      | Killed an ogre
  2722 | D:4      | Reached XP level 6. HP: 61/61 MP: 5/5
  2853 | D:4      | Reached skill level 1 in Throwing
  2862 | D:4      | Reached skill level 5 in Unarmed Combat
  2924 | D:4      | Found a sacrificial altar of Ru.
  2941 | D:4      | Found a glowing golden altar of the Shining One.
  3024 | D:4      | Noticed Natasha
  3034 | D:4      | Killed Natasha
  3035 | D:4      | Reached skill level 1 in Conjurations
  3058 | D:4      | Noticed Natasha
  3064 | D:4      | Killed Natasha
  3271 | D:4      | Noticed Dowan
  3285 | D:4      | Killed Duvessa
  3286 | D:4      | Reached skill level 1 in Air Magic
  3286 | D:4      | Reached skill level 1 in Poison Magic
  3286 | D:4      | Reached XP level 7. HP: 58/67 MP: 3/6
  3294 | D:4      | Killed Dowan
  3353 | D:5      | Entered Level 5 of the Dungeon
  3474 | D:5      | Found a burning altar of Makhleb.
  3603 | D:5      | Found an ancient bone altar of Kikubaaqudgha.
  3670 | D:5      | Noticed a steam dragon
  3677 | D:5      | Killed a steam dragon
  3908 | D:5      | Reached *** piety under Okawaru
  4004 | D:5      | Found Fowniege's General Store.
  4064 | D:5      | Noticed Edmund
  4079 | D:5      | Killed Edmund
  4080 | D:5      | Reached skill level 6 in Unarmed Combat
  4122 | D:5      | Noticed Sigmund
  4139 | D:5      | Killed Sigmund
  4140 | D:5      | Reached XP level 8. HP: 78/78 MP: 7/7
  4431 | D:6      | Found a shimmering altar of Xom.
  4852 | D:7      | Noticed Maggie
  4934 | D:7      | Found Oseer's Book Shoppe.
  4944 | D:7      | Reached **** piety under Okawaru
  4945 | D:7      | Reached skill level 7 in Unarmed Combat
  4963 | D:7      | Reached XP level 9. HP: 85/85 MP: 8/8
  5181 | D:7      | Killed Maggie
  5185 | D:7      | Reached skill level 5 in Fighting
  5186 | D:7      | HP: 2/88 [wight/+2 halberd (5)]
  5186 | D:7      | Slain by a wight

Illustrated notes

Levels and vault maps discovered:
D:1:      minmay_arrival_arboretum_small, layout_basic
D:2:      cheibrodos_old_hovel, layout_loops_corners, feat_on_display,
          uniq_crazy_yiuf_cottage
D:3:      layout_rooms, nicolae_hepliaklqana_hippocampus
D:4:      layout_cave_pods, mainiacjoe_overflow_small_starburst,
          nicolae_ru_awakened_eye, minmay_temple_entry_wispy, serial_shops,
          shop, uniq_natasha, uniq_duvessa
D:5:      layout_gridville, lemuel_zombie_altar_kikubaaqudgha,
          overflow_temple_1_default, serial_shops, shop,
          sigmund_edmund_badplayer
D:6:      layout_rooms, mainiacjoe_overflow_concentric_impassable
D:7:      layout_gridville, serial_shops, nicolae_shop_hallway_plus, uniq_maggie
Temple:   hellmonk_temple_beads

Skill      XL: |  1  2  3  4  5  6  7  8  9 |
---------------+----------------------------+-----
Unarmed Combat | 4 5 6 7 |  7.9
Fighting       | 3 4 5 |  5.0
Dodging        | 3 4 |  4.9
Throwing       | 1 2 3 |  3.1
Conjurations   | 1 2 |  2.4
Air Magic      | 1 2 |  2.1
Poison Magic   | 1 2 |  2.4
Stealth        | |  1.0

Action                   |  1- 3 |  4- 6 |  7- 9 || total
-------------------------+-------+-------+-------++-------
Melee: Unarmed           |   101 |   106 |   192 ||   399
       Punch             |     1 |     2 |     6 ||     9
Throw: Stone             |       |     4 |     4 ||     8
Invok: Heroism           |       |     1 |     3 ||     4
  Use: Scroll            |       |     2 |     1 ||     3
 Stab: Sleeping          |     3 |     2 |     1 ||     6
Armor: Robe              |    38 |    42 |     8 ||    88
       Steam dragon scal |       |       |    66 ||    66
Dodge: Dodged            |    32 |    49 |    73 ||   154
